 Dungeon Crawl Stone Soup version 0.14-a0-2061-g6c6fb9c (webtiles) character file.

723 Egon the Skirmisher (level 7, 56/62 HPs)
             Began as a Black Draconian Berserker on Jan 22, 2014.
             Was a Priest of Trog.
             Quit the game on Level 4 of the Dungeon.
             The game lasted 00:08:08 (3227 turns).

Egon the Skirmisher (Black Draconian Berserker)     Turns: 3227, Time: 00:08:09

HP  56/62        AC  6     Str 20      XL: 7   Next:  0%
MP   7/7         EV 14     Int  7      God: Trog [***...]
Gold 208         SH  0     Dex 12      Spells:  0 memorised,  6 levels left

rFire  + . .     SeeInvis .     a - +5,+1 dwarf hand axe (freeze)
rCold  + . .     Clarity  .     (armour unavailable)
rNeg   + . .     Conserve .     (no shield)
rPois  .         rCorr    .     (helmet restricted)
rElec  +         rRot     .     (no cloak)
SustAb . .       Spirit   .     (no gloves)
rMut   .         Warding  +     (no boots)
Saprov . . .     Stasis   .     b - amulet of warding
MR     .....                    y - ring of protection from fire {unknown}
                                h - ring of protection from cold {unknown}

@: not resistant to hostile enchantments, unstealthy
A: breathe lightning, unfitting armour, electricity resistance, AC +6
a: Breathe Lightning, Burn Spellbooks, Berserk, Trog's Hand, Renounce Religion


You were on level 4 of the Dungeon.
You worshipped Trog.
Trog was most pleased with you.
You were hungry.

You visited 1 branch of the dungeon, and saw 4 of its levels.

You collected 208 gold pieces.

Inventory:

Hand weapons
 a - a +5,+1 dwarven hand axe of freezing (weapon)
 g - a +0,+0 orcish war axe
 m - a +0,+0 hand axe
Comestibles
 c - 3 bread rations
 l - 4 meat rations
 q - a royal jelly
Scrolls
 e - 3 scrolls of identify {unknown}
 f - 2 scrolls of remove curse {unknown}
 i - 2 scrolls of enchant weapon II {unknown}
 j - a scroll of random uselessness {unknown}
 n - 2 scrolls of teleportation {unknown}
 o - 2 scrolls of noise {unknown}
 s - a scroll of fog {unknown}
 t - a scroll of fear {unknown}
 v - a scroll of magic mapping {unknown}
 w - a scroll of recharging {unknown}
Jewellery
 b - an amulet of warding (around neck)
 h - a ring of protection from cold (left hand) {unknown}
 y - a ring of protection from fire (right hand) {unknown}
Potions
 d - 2 potions of degeneration {unknown}
 k - 3 potions of curing {unknown}
 p - 2 potions of heal wounds {unknown}
 r - a potion of speed {unknown}
 u - a potion of restore abilities {unknown}
 x - a potion of berserk rage {unknown}
 z - a potion of brilliance {unknown}


   Skills:
 + Level 5.8 Fighting
 + Level 5.1 Axes
 + Level 4.6 Dodging


You had 6 spell levels left.
You didn't know any spells.

Dungeon Overview and Level Annotations

Branches:
Dungeon (4/16)
 Temple: D:4-7

Altars:


Innate Abilities, Weirdness & Mutations

You can breathe wild blasts of lightning.
Your glossy black scales are hard (AC +6).
Your body does not fit into most forms of armour.
Your cold-blooded metabolism reacts poorly to cold.
You are resistant to electric shocks.


Message History

You slash the quokka! You freeze the quokka.
You kill the quokka!
Trog accepts your kill.
You hit the worker ant. You freeze the worker ant.
The worker ant is heavily wounded.
You feel less exhausted. The worker ant misses you.
You hit the worker ant but do no damage.
The worker ant is heavily wounded.
The worker ant bites you.
You hit the worker ant. You freeze the worker ant.
The worker ant is almost dead.
The worker ant barely misses you.
You hit the worker ant. You freeze the worker ant.
You kill the worker ant!
Trog accepts your kill.
You have reached level 7!
Your scales start taking on a glossy black colour.
You feel insulated.
Are you sure you want to abandon this character and quit the game? (Confirm with "yes".)

..... ###### #####......
..... ........%# ######.
.... ..........# #. ....
...........# #. ....
#...........# #. ....
#...........# #. ....
#........$..# #. ...
##...........###########.
...
........@....##.......##.
...
.............##..)....#..
..
............'...........
.
............##..)####..#
............##...# #....
#############...#♣♣♣fPf
#...#♣♣.ff♣ #...# ♣♣.♣♣
#####♣♣.♣♣♣


There were no monsters in sight!

Vanquished Creatures
  Eustachio (D:4)
  Duvessa (D:4)
  Blork the orc (D:4)
  Dowan (D:4)
  A hound (D:4)
  A worker ant (D:4)
  Terence (D:2)
  7 adders
  A giant mite (D:2)
  2 grey rats (D:4)
  3 giant geckos
  2 oozes
  5 orcs
  2 ball pythons
  10 bats
  3 giant cockroaches
  7 hobgoblins
  13 kobolds
  2 quokkas
  5 giant newts
  4 goblins
  8 rats
81 creatures vanquished.

Notes
Turn   | Place    | Note
--------------------------------------------------------------
     0 | D:1      | Egon, the Draconian Berserker, began the quest for the Orb.
     0 | D:1      | Reached XP level 1. HP: 19/19 MP: 1/1
   174 | D:1      | Reached XP level 2. HP: 19/26 MP: 2/2
   743 | D:2      | Acquired Trog's second power
   840 | D:2      | Reached XP level 3. HP: 28/33 MP: 3/3
  1091 | D:2      | Reached skill level 4 in Fighting
  1123 | D:2      | Noticed Terence
  1128 | D:2      | Killed Terence
  1128 | D:2      | Reached XP level 4. HP: 40/40 MP: 4/4
  2327 | D:4      | Noticed Duvessa
  2368 | D:4      | Noticed Dowan
  2372 | D:4      | Killed Duvessa
  2372 | D:4      | Reached XP level 5. HP: 47/47 MP: 5/5
  2378 | D:4      | Killed Dowan
  2378 | D:4      | Reached skill level 5 in Fighting
  2678 | D:4      | Noticed Blork the orc
  2684 | D:4      | Killed Blork the orc
  2684 | D:4      | Reached XP level 6. HP: 56/56 MP: 6/6
  3164 | D:4      | Noticed Eustachio
  3180 | D:4      | Killed Eustachio
  3180 | D:4      | Reached skill level 5 in Axes
  3226 | D:4      | Your scales start taking on a glossy black colour.
  3226 | D:4      | Gained mutation: You are resistant to electric shocks. [draconian maturity]
  3226 | D:4      | Reached XP level 7. HP: 56/62 MP: 7/7
  3227 | D:4      | Quit the game

Action                   |  1- 3 |  4- 6 |  7- 9 || total
-------------------------+-------+-------+-------++-------
Melee: Hand axe          |    76 |   116 |       ||   192
Invok: Berserk           |     2 |     3 |       ||     5
 Stab: Sleeping          |       |     4 |       ||     4
